Description

Zerg max out by 10:30 (Silver 1) This build order was created manually, not from the replay ! (see the same name bo, without the exclamation mark)

VOD

https://www.youtube.com/watch?v=z8pciJ1j0ZI

Build Order

Get SALT Encoding   

  16  0:52  Hatchery  
  18  1:15  Spawning Pool  
  20  1:40  Extractor  
  20  2:10  Queen x2 + (2:30 Opponent Natural Check)  
  34  2:50  Lair  
  34  2:55  Queen No.3  
  44  3:20  Roach Warren  
  44  3:25  Evolution Chamber  
  43  3:30  Extractor x2  
  44  3:40  Hatchery + (4:06 Roach Speed + Weapon)  
  50  4:20  Roach x5  
  51  4:15  Queen No.4  
  76  5:10  Hydralisk Den  
  76  5:15  Evolution Chamber No.2  
  77  5:30  Extractor x2  
  82  5:40  Hatchery No.4  
  83  5:45  Extractor No.6 + (5:50 Hydra Upgrades + Carapace)  
  83  6:10  Drone No.66  
  84  6:15  Overlord x6  
  84  6:30  Hydralisk x18  
  120  7:10  Drone x19, No.85  
  139  7:40  Hatchery No.5 + (7:56 Evo Upgrades 0/2/2)  
  139  8:00  Infestation Pit + (Saturation upkeep)  
  139  8:10  Hatchery No.6  
  139  8:50  Overlord x4 (200+ Supply)  
  138  8:55  Hydralisk x16  
  170  9:00  Hive Hive + (9:30 Bases Scouts)  
  170  10:00  Lurker Den  
  170  10:20  Hydralisk x15  
  200  10:25  Overseer x3 + (10:30 Evo Upgrades 0/3/3)  
  200  11:15  Action Army Gather  
  200  11:30  Action Attack 1  
  200  12:00  Action Lurker Upgrades  
  200  13:00  Action Army Gather  
  200  13:20  Action Attack 2  
  200  13:30  Action Upkeep and prepare for attack 3  
Spawning Tool Build Advisor. Get it on Overwolf

Go to:

Details

  • Created by: g.georgi@gmail.com
  • Published on: Apr 30, 2025
  • Modified on: May 01, 2025
  • Patch: 5.0.11
  • Difficulty: Medium
Show
View Real Time Build Order
Export as new Build Order

Comments (0)

There are no comments. Be the first!

Create an account to comment!